 Dungeon Crawl Stone Soup version 0.18-a0-1572-g0a86841 (webtiles) character file.

99 Oddball22 the Stinger (level 4, -1/34 HPs)
             Began as a Demonspawn Venom Mage on Mar 15, 2016.
             Slain by Grinder (5 damage)
             ... on level 3 of the Dungeon.
             The game lasted 00:06:34 (2343 turns).

Oddball22 the Stinger (Demonspawn Venom Mage)       Turns: 2343, Time: 00:06:34

Health: -1/34      AC:  3    Str:  9 (10) XL:     4   Next: 45%
Magic:  4/8        EV: 12    Int: 16      God:
Gold:   46         SH:  0    Dex: 15      Spells: 3 memorised, 2 levels left

rFire  . . .     SeeInvis .     k - +3 short sword (venom)
rCold  . . .     Gourm    .     a - +1 robe
rNeg   . . .     Faith    .     (no shield)
rPois  .         Spirit   .     (no helmet)
rElec  .         Dismiss  .     (no cloak)
rCorr  .         Reflect  .     (no gloves)
SustAt .         Harm     .     (no boots)
MR     .....                    (no amulet)
Stlth  ++........               (no ring)
                                d - +2 ring of strength

@: not resistant to hostile enchantments, unstealthy
A: rot immunity
a: no special abilities


You were on level 3 of the Dungeon.
You were not hungry.

You visited 1 branch of the dungeon, and saw 3 of its levels.

You collected 46 gold pieces.

Inventory:

Hand Weapons
 k - a +3 short sword of venom (weapon)
 q - a +4 short sword
Armour
 a - a +1 robe (worn)
 e - a +0 shield
Jewellery
 d - a +2 ring of strength (left hand)
 n - a cursed ring of loudness {unknown}
Scrolls
 g - a scroll of enchant weapon
 i - 2 scrolls of remove curse
Potions
 f - a potion of invisibility {unknown}
 j - a potion of cancellation {unknown}
 l - 2 potions of beneficial mutation {unknown}
 m - a potion of curing {unknown}
Books
 b - a Young Poisoner's Handbook

   Spells                             Type                      Level
   a - Sting                          Conjuration/Poison           1
   b - Cure Poison                    Poison                       2
   c - Mephitic Cloud                 Conjuration/Poison/Air       3
   d - Olgreb's Toxic Radiance        Poison                       4
   e - Venom Bolt                     Conjuration/Poison           5
Comestibles
 c - a bread ration
 o - 2 chunks of flesh


   Skills:
 + Level 2.3 Fighting
 - Level 1.7 Dodging
 - Level 1.7 Stealth
 + Level 2.9 Spellcasting
 + Level 4.7 Poison Magic


You had 2 spell levels left.
You knew the following spells:

 Your Spells              Type           Power        Failure   Level  Hunger
a - Sting                 Conj/Pois      #...         10%         1    #......
b - Cure Poison           Pois           ###.......   6%          2    ##.....
c - Mephitic Cloud        Conj/Pois/Air  #.......     34%         3    ###....


Dungeon Overview and Level Annotations

Branches:
Dungeon (3/15)

Altars:
Cheibriados
Kikubaaqudgha
Pakellas

Annotations:
D:3 Grinder


Innate Abilities, Weirdness & Mutations

You are immune to rotting.


Message History

Grinder blinks!
You hit Grinder but do no damage.
The gnoll hits you from afar with a spear.
Grinder barely misses you.
You closely miss Grinder.
The gnoll hits you from afar with a spear.
Grinder gestures.
Grinder blinks!
You kill the gnoll!
Grinder gestures at you.
You barely resist. You hit Grinder.
Grinder is lightly wounded.
Grinder closely misses you.
You hit Grinder.
Grinder is lightly wounded.
Grinder hits you!
* * * LOW HITPOINT WARNING * * *
You writhe in agony.
You die...

+,,*,*,,+,+,,*,#.#
*,,*,*,,*,*,,*,#.#
**+*,**+*,**+*,#.#
,,,,,,,,,,,,,,,#.#
**+*,**+*,**+*,#.#
*,,*,*,,*,*,,*,#)#
*,,+,+,,*,*,,*,#g#
****,****,****,#.#
,,,,,,,,,,,,,,,#@###
################5#<#
............)....#.#####
##########.....###.....#
### ###.#.# #####.# ..#
#.#.# #.# #.# #####
#.#.##### #.# #.# #...#
#.#.....# #.# #.#
#.#.###.....#.###.##


You could see Grinder and a gnoll.

Vanquished Creatures
  2 gnolls
  An adder (D:1)
  An ooze (D:2)
  A worm (D:2)
  3 dart slugs
  A giant cockroach (D:1)
  9 goblins
  6 hobgoblins
  7 jackals (D:1)
  5 kobolds
  2 quokkas
  2 ball pythons (D:2)
  7 bats
  5 giant newts
  5 rats
57 creatures vanquished.

Notes
Turn   | Place    | Note
--------------------------------------------------------------
     0 | D:1      | Oddball22 the Demonspawn Venom Mage began the quest for the Orb.
     0 | D:1      | Reached XP level 1. HP: 13/13 MP: 3/3
   169 | D:1      | Reached skill level 1 in Fighting
   205 | D:1      | Gained mutation: You are immune to rotting. [demonic ancestry]
   205 | D:1      | Reached XP level 2. HP: 19/21 MP: 5/5
   708 | D:1      | Reached XP level 3. HP: 20/27 MP: 0/6
  1161 | D:1      | Learned a level 2 spell: Cure Poison
  1165 | D:1      | Learned a level 3 spell: Mephitic Cloud
  1561 | D:2      | Reached XP level 4. HP: 22/33 MP: 7/7
  1874 | D:2      | Found an ancient bone altar of Kikubaaqudgha.
  1946 | D:2      | Found a snail-covered altar of Cheibriados.
  1975 | D:2      | Found an oddly glowing altar of Pakellas.
  2305 | D:3      | Noticed Grinder
  2324 | D:3      | Paralysed by Grinder for 4 turns
  2343 | D:3      | Slain by Grinder

Vault maps used:
D:1:      minmay_arrival_four_houses
D:2:      cheibriados_altar_1, kiku_gazebo_garden_becter, grunt_pakellas_basics
D:3:      minmay_door_path, minmay_cut_off, uniq_grinder

Skill      XL: |  1  2  3 |
---------------+----------+-----
Fighting       | 1 2 |  2.3
Dodging        | |  1.7
Stealth        | |  1.7
Spellcasting   | |  2.9
Poison Magic   | |  4.7

Action                   |  1- 3 |  4- 6 || total
-------------------------+-------+-------++-------
Melee: Dagger            |    58 |       ||    58
       Short sword       |    29 |    56 ||    85
 Cast: Sting             |    40 |    11 ||    51
       Cure Poison       |     1 |       ||     1
  Use: Potion            |     2 |       ||     2
       Scroll            |       |     7 ||     7
 Stab: Sleeping          |     3 |     1 ||     4
  Eat: Chunk             |     3 |     2 ||     5
